 Dungeon Crawl Stone Soup version 0.31-a0-182-gc5ef74bbde (webtiles) character file.

Game seed: 6105034345239163341

1288 qw the Cleaver (level 8, 0/51 HPs)
             Began as a Gargoyle Fighter on June 20, 2023.
             Killed from afar by a steam dragon (18 damage)
             ... with a ball of steam
             ... on level 5 of the Dungeon.
             The game lasted 00:03:28 (5612 turns).

qw the Cleaver (Gargoyle Fighter)                   Turns: 5612, Time: 00:03:29

Health: 0/51       AC: 15    Str: 22    XL:     8   Next: 55%
Magic:  8/8        EV:  9    Int:  9    God:
Gold:   300        SH:  4    Dex:  9    Spells: 7/7 levels left

rFire   . . .        Y - +1 war axe
rCold   . . .        c - +0 buckler
rNeg    + . .        b - +0 scale mail
rPois   inf          (no helmet)
rElec   +            i - +0 cloak
rCorr   .            (no gloves)
SInv    .            n - +1 pair of boots
Will    ++...        j - amulet of faith Stlth
                     l - ring of willpower
HPRegen 0.28/turn    r - ring of willpower
MPRegen 0.11/turn

%: faith
@: no status effects
A: sickness immunity, AC +5, negative energy resistance 1, electricity
resistance, torment resistance 1, petrification resistance
a: no special abilities


You were on level 5 of the Dungeon.
You visited 2 branches of the dungeon, and saw 6 of its levels.

You collected 300 gold pieces.


Innate Abilities, Weirdness & Mutations

You are immune to sickness and miasma.
Your stone body is resilient. (AC +5)
You are immune to poison.
You resist negative energy. (rN+)
You are resistant to electric shocks. (rElec)
You are resistant to unholy torment.
You are immune to petrification.


   Skills:
 + Level 5.9 Fighting
 - Level 8.2 Axes
 - Level 1.2 Throwing
 - Level 3.2 Armour
 - Level 1.0 Dodging
 - Level 3.2 Shields


You had 7 spell levels left.
You didn't know any spells.
Your spell library was empty.

Inventory:

Hand Weapons
 g - a +0 morningstar
 Y - a +1 war axe (weapon)
Missiles
 e - 2 boomerangs (quivered)
Armour
 b - a +0 scale mail (worn)
 c - a +0 buckler (worn)
 i - a +0 cloak (worn)
 n - a +1 pair of boots (worn)
 q - a +3 leather armour of cold resistance
Jewellery
 j - an amulet of faith (around neck)
 l - a ring of willpower (left hand)
 r - a ring of willpower (right hand)
Scrolls
 a - 2 scrolls of identify
Potions
 d - 4 potions of might
 f - 3 potions of curing
 h - a potion of heal wounds
 k - a potion of enlightenment
 m - 2 potions of haste
 o - a potion of attraction
 s - a potion of mutation

Dungeon Overview and Level Annotations

Branches:
Dungeon (5/15)             Temple (1/1) D:5

Altars:
Ashenzari
Cheibriados
Elyvilon
Fedhas
Gozag
Hepliaklqana
Makhleb
Nemelex Xobeh
Qazlal
Ru
Sif Muna
Trog
Vehumet
Wu Jian
Xom
Zin
The Shining One

Shops:
D:2 (   D:3 [

Annotations:
D:3 4 transporters, qw's ghost, amateur GrFi
D:4 1 runed translucent door, Crazy Yiuf


Message History

An orc comes into view. It is wielding a staff of earth.
The orc shouts!
The orc throws a stone.
The stone hits you but does no damage.
You see here a +0 giant club.
You barely miss the orc. The orc hits you but does no damage.
The orc hits you with a staff of earth.
You slash the orc!
You kill the orc!
The steam dragon closely misses you. The steam dragon claws you.
You see here a +0 giant club.
You hit the steam dragon but do no damage.
The steam dragon bites you but does no damage.
The steam dragon closely misses you.
You barely miss the steam dragon. The steam dragon completely misses you.
The steam dragon claws you but does no damage.
You slash the steam dragon!
The steam dragon is moderately wounded.
You block the steam dragon's attack.
The steam dragon claws you but does no damage.
You barely miss the steam dragon.
The steam dragon is moderately wounded.
The steam dragon bites you! The steam dragon claws you.
An iguana comes into view.
You closely miss the steam dragon.
The steam dragon is moderately wounded.
The iguana hisses angrily.
The steam dragon bites you but does no damage.
The steam dragon claws you but does no damage.
You hit the steam dragon but do no damage.
The steam dragon is moderately wounded.
The steam dragon bites you. The steam dragon barely misses you.
You hit the steam dragon.
The steam dragon is moderately wounded.
The steam dragon barely misses you. x2
You slash the steam dragon!
The steam dragon is severely wounded.
The steam dragon breathes steam at you. The ball of steam hits you!!
You die...

..........
...D.....
.......#'
........ ..¤...
#¤.. ####%#
#.@D.# #
#.########.####
# #......#.|.#
# #.)>### #
###.# # #.#
#############.#
#.............#
#.#############


You could see a steam dragon (catching breath).

Vanquished Creatures
  Grinder (D:4)
  Eustachio (D:4)
  2 ogres (D:5)
  2 scorpions
  2 jellies (D:4)
  4 hounds
  4 orc priests
  2 iguanas
  2 sleepcaps (D:5)
  2 orc wizards
  8 adders
  3 gnolls (D:5)
  A white imp (D:5)
  4 worms
  2 dart slugs
  8 orcs
  3 endoplasms
  3 giant cockroaches
  9 goblins
  3 hobgoblins
  6 kobolds
  6 quokkas
  8 ball pythons
  8 bats
  5 frilled lizards
  7 rats
106 creatures vanquished.

Vanquished Creatures (others)
  An angel (D:3)
1 creature vanquished.

Grand Total: 107 creatures vanquished

Notes
Turn   | Place    | Note
-------+----------+-------------------------------------------
     0 | D:1      | qw the Gargoyle Fighter began the quest for the Orb.
     0 | D:1      | Reached XP level 1. HP: 14/14 MP: 1/1
     0 | D:1      | 0 ||| qw: Version: 0.3-a-9-g12657ce
     0 | D:1      | 0 ||| qw: Game counter: 1499
     0 | D:1      | 0 ||| qw: Always use a shield: true
     0 | D:1      | 0 ||| qw: God list: Okawaru
     0 | D:1      | 0 ||| qw: Allow faded altars: false
     0 | D:1      | 0 ||| qw: Do Orc after D:15 true
     0 | D:1      | 0 ||| qw: Do second Lair branch before Depths: true
     0 | D:1      | 0 ||| qw: Lair rune preference: random
     0 | D:1      | 0 ||| qw: Plans: Normal, Zot:1-4, Slime:5, God:TSO, Crypt,
                  | Tomb, Abyss, Pan, Hells, Win
     0 | D:1      | 0 ||| PLANNING D:1-11
   143 | D:1      | Reached skill level 2 in Axes
   173 | D:1      | Reached XP level 2. HP: 19/19 MP: 2/2
   303 | D:1      | Reached skill level 3 in Axes
   426 | D:1      | Found a faded altar of an unknown god.
   461 | D:1      | Reached XP level 3. HP: 23/23 MP: 3/3
  1013 | D:1      | 1013 ||| READING 2 scrolls labelled JOESOROOSU.
  1114 | D:1      | 1114 ||| READING scroll labelled WAQOOT SUENT.
  1115 | D:1      | 1115 ||| READING scroll labelled MAQYAT QORI.
  1116 | D:1      | 1116 ||| READING scroll labelled QOITAD WIROUD.
  1117 | D:1      | 1117 ||| DRINKING 3 red potions.
  1118 | D:1      | 1118 ||| DROPPING scroll of silence.
  1134 | D:2      | Found Naeguha's Antique Weapon Emporium.
  1302 | D:2      | 1302 ||| Stepping ~*~*~tactically~*~*~ (stealth).
  1371 | D:2      | Reached XP level 4. HP: 28/28 MP: 4/4
  1375 | D:2      | 1375 ||| Stepping ~*~*~tactically~*~*~ (stealth).
  1376 | D:2      | 1376 ||| Stepping ~*~*~tactically~*~*~ (stealth).
  1383 | D:2      | 1383 ||| Stepping ~*~*~tactically~*~*~ (hiding).
  1384 | D:2      | 1384 ||| Stepping ~*~*~tactically~*~*~ (hiding).
  1403 | D:2      | Reached skill level 4 in Axes
  1438 | D:2      | 1438 ||| SHOPLISTING runed war axe (156 gold, have 106).
  1733 | D:2      | You fall into a shaft and drop 2 floors!
  1748 | D:4      | Found a burning altar of Makhleb.
  1812 | D:4      | Noticed a scorpion
  1821 | D:4      | Killed a scorpion
  1822 | D:4      | Reached skill level 5 in Axes
  1822 | D:4      | Reached XP level 5. HP: 21/32 MP: 5/5
  1888 | D:4      | Identified the +4 spear "Yhoes" {antimagic, rC- Int+6 Dex-5
                  | SInv}
  1923 | D:4      | Noticed Eustachio
  1937 | D:4      | Killed Eustachio
  1938 | D:4      | Reached XP level 6. HP: 26/40 MP: 6/6
  2080 | D:4      | HP: 9/40 [acid (5)]
  2248 | D:4      | Reached skill level 1 in Dodging
  2285 | D:4      | 2285 ||| UPGRADING to +0 cloak.
  2290 | D:4      | 2290 ||| UPGRADING to +0 pair of boots.
  2295 | D:4      | 2295 ||| UPGRADING to amulet of faith.
  2300 | D:4      | 2300 ||| UPGRADING to ring of willpower.
  2301 | D:4      | 2301 ||| UPGRADING to ring of willpower.
  2302 | D:4      | 2302 ||| READING 3 scrolls labelled REDAET WOUDEY.
  2303 | D:4      | 2303 ||| READING 2 scrolls of identify.
  2303 | D:4      | 2303 ||| IDENTIFYING sapphire potion
  2331 | D:3      | Found a transporter.
  2342 | D:3      | 2342 ||| Stepping ~*~*~tactically~*~*~ (hiding).
  2344 | D:3      | 2344 ||| Stepping ~*~*~tactically~*~*~ (hiding).
  2351 | D:3      | HP: 10/40 [orc priest/divine providence (15)]
  2352 | D:3      | 2352 ||| DRINKING potion of heal wounds.
  2359 | D:3      | Reached XP level 7. HP: 25/44 MP: 7/7
  2431 | D:3      | 2431 ||| DROPPING +0 whip.
  2440 | D:3      | Found a hazy altar of Hepliaklqana.
  2442 | D:3      | 2442 ||| READING 2 scrolls of identify.
  2442 | D:3      | 2442 ||| IDENTIFYING yellow potion
  2443 | D:3      | 2443 ||| DROPPING potion of ambrosia.
  2490 | D:2      | 2490 ||| Stepping ~*~*~tactically~*~*~ (hiding).
  2793 | D:2      | 2793 ||| READING scroll labelled MIGRITHRIADU.
  2841 | D:3      | 2841 ||| Stepping ~*~*~tactically~*~*~ (stealth).
  2879 | D:3      | 2879 ||| READING scroll of enchant armour.
  2879 | D:3      | 2879 ||| ENCHANTING +0 pair of boots.
  2885 | D:3      | 2885 ||| Stepping ~*~*~tactically~*~*~ (stealth).
  2886 | D:3      | 2886 ||| Stepping ~*~*~tactically~*~*~ (stealth).
  2891 | D:3      | Found a shimmering altar of Xom.
  2891 | D:3      | Found a glowing silver altar of Zin.
  2891 | D:3      | Noticed an angel
  2897 | D:3      | 2897 ||| READING scroll labelled MIEGOS FAHENUA.
  2898 | D:3      | 2898 ||| DRINKING 3 cyan potions.
  2969 | D:3      | Found a transporter.
  3016 | D:3      | Killed an angel
  3059 | D:3      | Found a transporter.
  3061 | D:3      | Noticed qw's ghost (amateur GrFi)
  3194 | D:3      | Found a broken altar of Ashenzari.
  3221 | D:3      | Found a transporter.
  3221 | D:3      | Found Plog's Antique Armour Emporium.
  3264 | D:3      | 3264 ||| READING scroll labelled QIOPAOTUBB.
  3265 | D:3      | 3265 ||| DRINKING 2 silvery potions.
  3266 | D:3      | 3266 ||| DRINKING 2 sedimented white potions.
  3267 | D:3      | 3267 ||| DROPPING potion of brilliance.
  3308 | D:4      | 3308 ||| Stepping ~*~*~tactically~*~*~ (stealth).
  3327 | D:4      | Reached skill level 6 in Axes
  3558 | D:4      | Found a runed translucent door.
  3559 | D:4      | Noticed Crazy Yiuf
  3712 | D:4      | Noticed Grinder
  3740 | D:4      | HP: 8/44 [something (8)]
  3746 | D:4      | 3746 ||| FLEEEEING.
  3747 | D:4      | 3747 ||| FLEEEEING.
  3750 | D:4      | 3750 ||| FLEEEEING.
  3753 | D:4      | 3753 ||| FLEEEEING.
  3762 | D:4      | 3762 ||| STAIRDANCE
  3888 | D:3      | 3888 ||| READING 3 scrolls of identify.
  3888 | D:3      | 3888 ||| IDENTIFYING orange potion
  3889 | D:3      | 3889 ||| READING 2 scrolls of identify.
  3889 | D:3      | 3889 ||| IDENTIFYING clear potion
  3892 | D:4      | 3892 ||| Stepping ~*~*~tactically~*~*~ (hiding).
  3893 | D:4      | 3893 ||| Stepping ~*~*~tactically~*~*~ (hiding).
  3896 | D:4      | 3896 ||| Stepping ~*~*~tactically~*~*~ (hiding).
  3903 | D:4      | 3903 ||| Stepping ~*~*~tactically~*~*~ (hiding).
  3904 | D:4      | 3904 ||| Stepping ~*~*~tactically~*~*~ (hiding).
  3905 | D:4      | 3905 ||| Stepping ~*~*~tactically~*~*~ (hiding).
  3915 | D:4      | Killed Grinder
  3916 | D:4      | Reached skill level 7 in Axes
  4801 | D:5      | Entered Level 5 of the Dungeon
  4844 | D:5      | Reached XP level 8. HP: 44/49 MP: 8/8
  4865 | D:5      | 4865 ||| Stepping ~*~*~tactically~*~*~ (hiding).
  4866 | D:5      | 4866 ||| Stepping ~*~*~tactically~*~*~ (hiding).
  4867 | D:5      | 4867 ||| Stepping ~*~*~tactically~*~*~ (hiding).
  4871 | D:5      | HP: 9/49 [iguana (7)]
  5036 | D:5      | Found a staircase to the Ecumenical Temple.
  5037 | D:5      | 5037 ||| PLANNING TEMPLE
  5037 | D:5      | 5037 ||| READING scroll labelled ZACUPN VUECK.
  5044 | Temple   | Entered the Ecumenical Temple
  5057 | Temple   | 5057 ||| PLANNING D:1-11
  5065 | D:5      | 5065 ||| Stepping ~*~*~tactically~*~*~ (stealth).
  5066 | D:5      | 5066 ||| Stepping ~*~*~tactically~*~*~ (stealth).
  5067 | D:5      | 5067 ||| Stepping ~*~*~tactically~*~*~ (stealth).
  5068 | D:5      | 5068 ||| Stepping ~*~*~tactically~*~*~ (stealth).
  5136 | D:5      | 5136 ||| Stepping ~*~*~tactically~*~*~ (hiding).
  5248 | D:5      | 5248 ||| DROPPING +0 flail.
  5261 | D:5      | 5261 ||| Stepping ~*~*~tactically~*~*~ (stealth).
  5262 | D:5      | 5262 ||| Stepping ~*~*~tactically~*~*~ (stealth).
  5320 | D:5      | 5320 ||| Stepping ~*~*~tactically~*~*~ (hiding).
  5321 | D:5      | 5321 ||| Stepping ~*~*~tactically~*~*~ (hiding).
  5396 | D:5      | 5396 ||| Stepping ~*~*~tactically~*~*~ (stealth).
  5405 | D:5      | Reached skill level 8 in Axes
  5440 | D:5      | 5440 ||| Stepping ~*~*~tactically~*~*~ (stealth).
  5448 | D:5      | 5448 ||| Stepping ~*~*~tactically~*~*~ (stealth).
  5456 | D:5      | Reached skill level 1 in Throwing
  5588 | D:5      | 5588 ||| Stepping ~*~*~tactically~*~*~ (stealth).
  5599 | D:5      | 5599 ||| Stepping ~*~*~tactically~*~*~ (cloud).
  5612 | D:5      | Killed from afar by a steam dragon

Levels and vault maps discovered:
D:1:      minmay_arrival_four_loops, layout_basic, shapermc_ecumenical_altar_gd
D:2:      layout_basic, serial_shops, shop, minmay_pentomino_v4
D:3:      layout_rooms, grunt_temple_overflow_order_and_chaos_1,
          lemuel_crystal_altar, grunt_ashenzari_visionary
          [grunt_ashenzari_visionary_shoals, grunt_ashenzari_visionary_spider],
          serial_shops, nicolae_shop_drivethru, gammafunk_ghost_mausoleum
D:4:      layout_loops_cross, makhleb_heckhound_becter, uniq_grinder,
          uniq_crazy_yiuf_cottage, uniq_eustachio
D:5:      layout_basic, minmay_temple_entry_ruins, grunt_ministairs_8
Temple:   hellmonk_temple_two_chambers

Skill      XL: |  1  2  3  4  5  6  7  8 |
---------------+-------------------------+-----
Axes           | 2 3 5 7 8 |  8.2
Fighting       | 5 |  5.9
Dodging        | 1 |  1.0
Throwing       | 1 |  1.2
Armour         | |  3.2
Shields        | |  3.2

Action                     |  1- 3 |  4- 6 |  7- 9 || total
---------------------------+-------+-------+-------++-------
  Melee: War axe           |   105 |   105 |   157 ||   367
  Throw: Boomerang         |       |       |     7 ||     7
    Use: Scroll            |     4 |     2 |     8 ||    14
         Potion            |     1 |     1 |     3 ||     5
 Armour: Scale mail        |    49 |    76 |    68 ||   193
  Dodge: Dodged            |    44 |    62 |    55 ||   161
  Block: Buckler           |    17 |    17 |    22 ||    56

Table legend:
 A = Non-vault XP
 B = Vault XP
 C = Vault XP percentage of total XP
 D = Non-vault monster count
 E = Vault monster count
 F = Vault count percentage of total count
                 A         B        C        D         E       F
            +---------+---------+-------+---------+---------+-------
      Total |    1298 |     543 |  29.5 |     100 |       6 |   5.7
            +---------+---------+-------+---------+---------+-------
        D:1 |      43 |       0 |   0.0 |      26 |       0 |   0.0
        D:2 |      67 |      18 |  21.2 |      24 |       3 |  11.1
        D:3 |     191 |       0 |   0.0 |      15 |       0 |   0.0
        D:4 |     308 |     525 |  63.0 |      14 |       3 |  17.6
        D:5 |     689 |       0 |   0.0 |      21 |       0 |   0.0
            +---------+---------+-------+---------+---------+-------
